 Dungeon Crawl Stone Soup version 0.29.1-13-g9f3cf754e1 (webtiles) character file.

Game seed: 16003831742368193458

2 sanboga the Slasher (level 1, 16/18 HPs)
             Began as a Merfolk Berserker on Jan 19, 2023.
             Was a Follower of Trog.
             Quit the game on level 1 of the Dungeon on Jan 20, 2023.
             The game lasted 00:00:21 (289 turns).

sanboga the Slasher (Merfolk Berserker)              Turns: 289, Time: 00:00:22

Health: 16/18      AC:  2    Str: 17    XL:     1   Next: 30%
Magic:  1/1        EV: 12    Int:  6    God:    Trog [*.....]
Gold:   12         SH:  0    Dex: 13    Spells: 0/0 levels left

rFire   . . .      SeeInvis .   a - +0 falchion
rCold   . . .      Faith    .   (no shield)
rNeg    . . .      Spirit   .   b - +0 animal skin
rPois   .          Reflect  .   (no helmet)
rElec   .          Harm     .   (no cloak)
rCorr   .          Rampage  .   (no gloves)
Will    .....                   (no boots)
Stlth   +.........              (no amulet)
HPRegen 0.06/turn               (no ring)
MPRegen 0.07/turn               (no ring)

@: no status effects
A: (nimble swimmer 2), mertail
a: Renounce Religion, Berserk


You were on level 1 of the Dungeon.
You worshipped Trog.
Trog was aware of your devotion.
You visited 1 branch of the dungeon, and saw 1 of its levels.

You collected 12 gold pieces.

Inventory:

Hand Weapons
 a - a +0 falchion (weapon)
Armour
 b - a +0 animal skin (worn)
Scrolls
 c - 2 scrolls of identify {unknown}


   Skills:
 + Level 3.3 Fighting
 * Level 3.7 Long Blades
 + Level 1.4 Armour
 + Level 2.7 Dodging


You couldn't memorise any spells.
You didn't know any spells.
Your spell library was empty.

Dungeon Overview and Level Annotations

Branches:
Dungeon (1/15)

Altars:


Innate Abilities, Weirdness & Mutations

((You are very nimble when in or above water. (Stealth+, EV+, Speed+++)))
Your lower body shifts to a powerful aquatic tail in water.


Message History

You are too injured to fight recklessly!
You are too injured to fight recklessly!
You are too injured to fight recklessly!
You are too injured to fight recklessly!
You are too injured to fight recklessly!
You are too injured to fight recklessly!
You barely miss the endoplasm. The endoplasm hits you.
* * * LOW HITPOINT WARNING * * *
You hit the endoplasm.
The endoplasm is lightly wounded.
The endoplasm jiggles.
The endoplasm barely misses you.
You barely miss the endoplasm.
The endoplasm is lightly wounded.
The endoplasm misses you.
You hit the endoplasm.
You kill the endoplasm!
Trog accepts your kill.
You start resting.
HP restored.
You now have 12 gold pieces.
As you open the door, it creaks loudly!
You hear a shout!
Found 8 stones.
There is an open door here.
Saving game... please wait.
Welcome back, sanboga the Merfolk Berserker.
Trog says: Kill them all!
Press ? for a list of commands and other information.
A goblin comes into view. It is wielding a +0 dagger.
A goblin is nearby!
A goblin is nearby!
You see here 8 stones.
The goblin hits you with a +0 dagger.
You hit the goblin but do no damage. The goblin misses you.
You completely miss the goblin. The goblin completely misses you.
You barely miss the goblin. The goblin barely misses you.
A goblin is nearby!
A goblin is nearby!
You closely miss the goblin. The goblin hits you but does no damage.
Are you sure you want to abandon this character and quit the game? (Confirm with "yes".)

##.#.#.....#
##...#.....#
'..#.......########
####...............
# ###.....########
# #####..### ##...#
###'#### #...(@#
#...#.g......
#...######... #...#
#...# #...# #...#
#...#


You could see a goblin.

Vanquished Creatures
  An endoplasm (D:1)
  A kobold (D:1)
2 creatures vanquished.

Notes
Turn   | Place    | Note
-------+----------+-------------------------------------------
     0 | D:1      | sanboga the Merfolk Berserker began the quest for the Orb.
     0 | D:1      | Reached XP level 1. HP: 18/18 MP: 1/1
     4 | D:1      | Noticed an ogre
     4 | D:1      | Noticed a meteoran
     6 | D:1      | Noticed an octopode
     6 | D:1      | Noticed a vine stalker
     8 | D:1      | Noticed an elf
     8 | D:1      | Noticed a palentonga
    10 | D:1      | Noticed a minotaur
    10 | D:1      | Noticed a demigod
    12 | D:1      | Noticed a merfolk
    12 | D:1      | Noticed a vampire
    14 | D:1      | Noticed a naga
    14 | D:1      | Noticed a spriggan
    16 | D:1      | Noticed a felid
    16 | D:1      | Noticed a ghoul
    18 | D:1      | Noticed a human
    18 | D:1      | Noticed a tengu
    20 | D:1      | Noticed a draconian
    22 | D:1      | Noticed a gargoyle
    24 | D:1      | Noticed a troll
    26 | D:1      | Noticed a demonspawn
    26 | D:1      | Noticed a draconian
    28 | D:1      | Noticed a spriggan
    28 | D:1      | Noticed a formicid
   289 | D:1      | Quit the game

Illustrated notes

Levels and vault maps discovered:
D:1:      kb_arrival_jail, layout_basic

Action                   || total
-------------------------++-------
Melee: Falchion          ||    12
Armor: Animal skin       ||     3
Dodge: Dodged            ||     7
